 Dungeon Crawl Stone Soup version 0.16-a0-2179-gb75b79b (webtiles) character file.

2518 myeffort the Geomancer (level 9, -1/68 HPs)
             Began as a Deep Dwarf Earth Elementalist on Nov 13, 2014.
             Slain by a giant frog (6 damage)
             ... on level 7 of the Dungeon on Nov 14, 2014.
             The game lasted 00:42:07 (7950 turns).

myeffort the Geomancer (DDEE)                       Turns: 7950, Time: 00:42:07

Health: -1/68      AC:  7    Str: 12      XL:     9   Next: 29%
Magic:  20/20      EV: 11    Int: 19      God:
Gold:   83         SH:  0    Dex:  8 (13) Spells: 3 memorised, 6 levels left

rFire  . . .     SeeInvis .     a - +2 falchion (venom)
rCold  . . .     Clarity  .     w - +2 leather armour {MR+}
rNeg   . . .     SustAb   .     (no shield)
rPois  .         Gourm    .     (no helmet)
rElec  .         Spirit   .     P - +0 cloak
rCorr  .         Warding  .     (no gloves)
rMut   .         Stasis   .     O - +0 pair of boots
MR     ++...                    (no amulet)
Stlth  ++........               (no ring)
                                (no ring)

@: non-regenerating, very resistant to hostile enchantments, unstealthy
A: damage resistance, recharge devices, sense surroundings 2, slow healing 3
a: Device Recharging


You were on level 7 of the Dungeon.
You were not hungry.

You visited 2 branches of the dungeon, and saw 8 of its levels.
You also visited: Sewer.

You collected 257 gold pieces.
You spent 174 gold pieces at shops.

Inventory:

Hand weapons
 a - a +2 falchion of venom (weapon)
 z - a +0 club
Missiles
 b - 58 stones (quivered)
Armour
 c - a +0 robe
 w - a +2 leather armour of magic resistance (worn)
 I - a +0 buckler
 O - a +0 pair of boots (worn)
 P - a +0 cloak (worn)
Jewellery
 i - an uncursed ring of protection from magic {unknown}
 n - an uncursed amulet of faith {unknown}
 s - a cursed ring of loudness {unknown}
 t - an uncursed ring of protection from cold {unknown}
 E - a cursed ring of loudness {unknown}
Magical devices
 v - a wand of paralysis (0)
 y - a wand of heal wounds (0)
 F - a wand of fireball (0)
 J - a wand of fireball (0)
Scrolls
 g - 11 scrolls of identify {unknown}
 h - 3 scrolls of noise {unknown}
 k - 6 scrolls of remove curse {unknown}
 l - 2 scrolls of blinking {unknown}
 o - a scroll of recharging {unknown}
 u - a scroll of magic mapping {unknown}
 C - 2 scrolls of teleportation {unknown}
 H - a scroll of fear {unknown}
 K - a scroll of amnesia {unknown}
 N - a scroll of immolation {unknown}
Potions
 e - a potion of brilliance {unknown}
 j - a potion of lignification {unknown}
 m - a potion of resistance
 q - a potion of invisibility
 r - a potion of degeneration {unknown}
 A - a potion of agility {unknown}
 B - a potion of magic {unknown}
 G - a potion of mutation {unknown}
 L - a potion of restore abilities {unknown}
Books
 d - a book of Geomancy

   Spells                             Type                      Level
   *Sandblast                         Earth                        1
   *Stoneskin                         Transmutation/Earth          2
   Passwall                           Transmutation/Earth          3
   *Stone Arrow                       Conjuration/Earth            3
   Petrify                            Transmutation/Earth          4
   Lee's Rapid Deconstruction         Earth                        5
 M - a Necronomicon {highlevel, unknown}

   This book is beyond your current level of understanding.

   Spells                             Type                      Level
   Haunt                              Necromancy/Summoning         7
   Borgnjor's Revivification          Necromancy                   8
   Death's Door                       Charms/Necromancy            8
   Necromutation                      Transmutation/Necromancy     8
Comestibles
 f - 6 bread rations
 p - 6 meat rations
 x - 5 beef jerkies
 D - 2 chunks of flesh
 Q - 7 slices of pizza


   Skills:
 + Level 4.0 Dodging
 - Level 2.4 Stealth
 + Level 2.8 Shields
 - Level 2.0 Spellcasting
 + Level 3.8 Conjurations
 - Level 0.8 Transmutations
 - Level 12.3 Earth Magic
 + Level 8.4 Evocations


You had 6 spell levels left.
You knew the following spells:

 Your Spells              Type           Power        Failure   Level  Hunger
a - Sandblast             Erth           #####.       1%          1    #......
b - Stoneskin             Trmt/Erth      ####....     1%          2    ###....
c - Stone Arrow           Conj/Erth      ####..       1%          3    ###....


Dungeon Overview and Level Annotations

Branches:
Dungeon (7/15)             Temple (1/1) D:7

Altars:
Ashenzari
Dithmenos
Elyvilon
Fedhas
Gozag
Kikubaaqudgha
Nemelex Xobeh
Okawaru
Qazlal
Ru
Trog
Vehumet
Xom
Yredelemnul
The Shining One

Shops:
D:5 }}([

Annotations:
D:5 Sigmund


Innate Abilities, Weirdness & Mutations

You are resistant to damage.
You can recharge devices by infusing magical energy.
You passively map the area around you.
You do not heal naturally.


Message History

Things that are here:
a hand axe; an animal skin
x - 5 beef jerkies (gained 2)
Q - 7 slices of pizza You see here 7 curare-tipped needles.
f - 6 bread rations (gained 2)
There is an open door, spattered with blood here.
Things that are here:
a hand axe; an animal skin A giant frog comes into view.
A giant frog is nearby!
A giant frog is nearby!
A giant frog is nearby!
The giant frog gives a loud, deep croak!
You are too injured to fight recklessly!
You are too injured to fight recklessly!
You are too injured to fight recklessly!
The giant frog closely misses you.
You closely miss the giant frog. The giant frog hits you!
You die...

* * # * * ..# *
#.# * * #.#* # #.#
# #.F## ##### ,, #
#@## ....# .##
#..# ....# #.#
##.## #'##### #.#
##..# ....#.## #.#
##..## ....)†.#
#.# ##..##
#####..###.###.###
.....#.##..##.##
.......##.....#


You could see a giant frog.

Vanquished Creatures
  A hog (D:7)
  A human (D:7)
  Eustachio (D:5)
  2 orc warriors (D:7)
  3 ogres (D:6)
  A phantom (D:6)
  A centaur (D:5)
  3 big kobolds (Sewer)
  2 giant frogs
  A water moccasin zombie (D:5)
  A scorpion (D:4)
  A quasit (D:6)
  2 crimson imps (D:5)
  3 orc priests
  2 giant frog skeletons
  3 orc wizards
  4 iguanas
  A centaur skeleton (D:5)
  4 worker ants
  3 sheep (D:7)
  Ijyb (D:5)
  A hound zombie (D:7)
  A hound skeleton (D:7)
  7 adders
  11 gnolls
  2 shadow imps (D:6)
  A giant mite (D:5)
  2 green rats
  An ufetubus (D:5)
  7 giant geckos
  An ooze (D:3)
  10 orcs
  5 ball pythons
  8 bats
  2 green rat zombies (Sewer)
  13 hobgoblins
  16 jackals
  11 kobolds
  A quokka (D:6)
  6 giant cockroaches
  3 giant newts
  14 goblins
  2 green rat skeletons (Sewer)
  19 rats
  2 rat skeletons (Sewer)
187 creatures vanquished.

Vanquished Creatures (others)
  A human (D:5)
1 creature vanquished.

Grand Total: 188 creatures vanquished

Notes
Turn   | Place    | Note
--------------------------------------------------------------
     0 | D:1      | myeffort, the Deep Dwarf Earth Elementalist, began the quest for the Orb.
     0 | D:1      | Reached XP level 1. HP: 15/15 MP: 2/2
   283 | D:1      | Reached XP level 2. HP: 22/22 MP: 2/4
   650 | D:1      | Reached skill level 5 in Earth Magic
   971 | D:2      | Reached XP level 3. HP: 28/28 MP: 3/6
  1129 | D:2      | Reached skill level 6 in Earth Magic
  1311 | D:2      | Reached XP level 4. HP: 32/36 MP: 0/7
  2051 | D:3      | Reached skill level 7 in Earth Magic
  2138 | D:3      | Reached XP level 5. HP: 18/42 MP: 6/9
  2240 | D:3      | Found a glowing drain.
  2255 | Sewer    | Entered a sewer
  2314 | Sewer    | Reached skill level 8 in Earth Magic
  2533 | Sewer    | Reached skill level 9 in Earth Magic
  2533 | Sewer    | Reached XP level 6. HP: 23/49 MP: 0/10
  2914 | D:3      | Learned a level 2 spell: Stoneskin
  2918 | D:3      | Learned a level 3 spell: Stone Arrow
  3266 | D:4      | Found a shimmering altar of Xom.
  3267 | D:4      | Found a shimmering altar of Xom.
  3535 | D:4      | Found an ancient bone altar of Kikubaaqudgha.
  3661 | D:5      | Entered Level 5 of the Dungeon
  3717 | D:5      | Reached skill level 10 in Earth Magic
  3786 | D:5      | Found Pli Liugg's Antique Weapon Shoppe.
  3816 | D:5      | Reached XP level 7. HP: 24/55 MP: 9/12
  3838 | D:5      | Found Striof's Armour Boutique.
  3845 | D:5      | Bought a +0 buckler for 58 gold pieces
  4130 | D:5      | Reached skill level 1 in Evocations
  4193 | D:5      | Found Mnonuap's Gadget Shoppe.
  4215 | D:5      | Noticed Ijyb
  4227 | D:5      | Killed Ijyb
  4228 | D:5      | Found Phoometh's Gadget Shop.
  4634 | D:5      | Found a shadowy altar of Dithmenos.
  4639 | D:5      | Noticed Eustachio
  4684 | D:5      | Killed Eustachio
  4756 | D:5      | Found an ancient bone altar of Kikubaaqudgha.
  4756 | D:5      | Noticed a human
  4759 | D:5      | Noticed Sigmund
  4760 | D:5      | Killed a human
  5276 | D:6      | Reached XP level 8. HP: 27/62 MP: 4/17
  5406 | D:6      | Reached skill level 1 in Conjurations
  5406 | D:6      | Reached skill level 11 in Earth Magic
  5436 | D:6      | Found an opulent altar of Gozag.
  6163 | D:6      | Upgraded the game from 0.16-a0-2145-g6af420d to 0.16-a0-2179-gb75b79b
  6207 | D:6      | Reached skill level 12 in Earth Magic
  7094 | D:5      | Bought a +0 pair of boots for 58 gold pieces
  7094 | D:5      | Bought a +0 cloak for 58 gold pieces
  7195 | D:6      | Reached skill level 1 in Shields
  7222 | D:7      | Found a staircase to the Ecumenical Temple.
  7374 | D:7      | Gained mutation: You passively map the area around you. [level up]
  7374 | D:7      | Reached XP level 9. HP: 34/68 MP: 19/19
  7389 | Temple   | Entered the Ecumenical Temple
  7950 | D:7      | Slain by a giant frog

Action                   |  1- 3 |  4- 6 |  7- 9 || total
-------------------------+-------+-------+-------++-------
Melee: Unarmed           |    12 |    18 |       ||    30
       Club              |       |    19 |    68 ||    87
       Falchion          |       |       |    75 ||    75
 Cast: Sandblast         |    61 |   106 |   128 ||   295
       Stone Arrow       |       |     7 |    71 ||    78
       Stoneskin         |       |     1 |     7 ||     8
Evoke: Wand              |       |     2 |    12 ||    14
  Use: Potion            |       |     6 |     6 ||    12
 Stab: Sleeping          |       |       |     1 ||     1
       Paralysed         |       |       |     4 ||     4
  Eat: Chunk             |     2 |    10 |    21 ||    33
       Pizza             |       |       |     1 ||     1
       Royal jelly       |       |       |     1 ||     1
